 Dungeon Crawl Stone Soup version 0.31-a0-1612-g4aaf141004 (webtiles) character file.

Game seed: 1830420544674677100

10782 jlumianski the Grappler (level 11, 0/84 HPs)
             Began as a Gnoll Shapeshifter on Jan 9, 2024.
             Was a Priest of Wu Jian.
             Collided with a rock wall (24 damage)
             ... after being knocked back by an arcanist
             ... on level 10 of the Dungeon on Jan 10, 2024.
             The game lasted 00:56:52 (11452 turns).

jlumianski the Grappler (Gnoll Shapeshifter)       Turns: 11452, Time: 00:56:55

Health: 0/84       AC:  9    Str: 16    XL:     11   Next: 67%
Magic:  21/21      EV: 19    Int: 11    God:    Wu Jian [***...]
Gold:   890        SH:  5    Dex: 12    Spells: 11/23 levels left

rFire   . .          .
                       - Unarmed
rCold   . . .        (shield currently unavailable)
rNeg    . . .        t - melded +0 chain mail
rPois   +            a - +1 helmet {SInv}
rElec   .            H - +1 cloak
rCorr   .            q - +1 pair of gloves
SInv    +            D - +1 pair of boots
Will    .....        F - amulet of reflection
Stlth   ++           v - ring of poison resistance
HPRegen 0.34/turn    Q - +4 ring of protection
MPRegen 0.17/turn

%: reflection
@: flux-form, corroded, fragile (+50% incoming damage), glowing, studying
Polearms
A: glow, contaminating, fangs 1, strong nose, distributed training
a: Begin Untransformation, Renounce Religion, Wall Jump, Serpent's Lash


You were on level 10 of the Dungeon.
You worshipped Wu Jian.
Wu Jian was most pleased with you.
You were something dangerously unstable.
You visited 2 branches of the dungeon, and saw 11 of its levels.
You also visited: Bailey.

You collected 890 gold pieces.

Inventory:

Missiles
 e - 41 poisoned darts (quivered)
 i - 2 throwing nets
Armour
 a - a +1 helmet of see invisible (worn)
 p - a +0 kite shield
 q - a +1 pair of gloves (worn)
 t - a +0 chain mail (melded)
 D - a +1 pair of boots (worn)
 H - a +1 cloak (worn)
Jewellery
 k - an amulet of guardian spirit
 v - a ring of poison resistance (left hand)
 F - an amulet of reflection (around neck)
 Q - a +4 ring of protection (right hand)
 U - a ring of protection from cold
Talismans
 d - a flux talisman (active)
Wands
 j - a wand of polymorph (23)
 W - a wand of iceblast (19)
Scrolls
 h - 3 scrolls of teleportation
 l - a scroll of fear
 m - 2 scrolls of immolation
 r - a scroll of revelation {unknown}
 w - a scroll of blinking
 x - a scroll of fog {unknown}
 A - a scroll of amnesia {unknown}
 L - a scroll of brand weapon {unknown}
 M - a scroll of poison {unknown}
 S - a scroll of acquirement {unknown}
Potions
 b - 3 potions of lignification
 c - a potion of mutation {unknown}
 f - 4 potions of curing
 g - a potion of resistance {unknown}
 n - a potion of heal wounds
 o - 3 potions of might
 s - 2 potions of attraction
 z - 2 potions of berserk rage
 I - 2 potions of haste
 J - 2 potions of enlightenment
 V - a potion of invisibility {unknown}


   Skills:
 + Level 7.3 Fighting
 + Level 6.7 Short Blades
 + Level 6.7 Long Blades
 + Level 6.7 Axes
 + Level 6.7 Maces & Flails
 + Level 7.2 Polearms
 + Level 6.7 Staves
 + Level 6.7 Ranged Weapons
 + Level 6.7 Throwing
 + Level 6.7 Armour
 + Level 8.2 Dodging
 + Level 6.7 Stealth
 + Level 6.7 Shields
 + Level 9.5 Unarmed Combat
 + Level 6.7 Spellcasting
 + Level 5.6 Conjurations
 + Level 5.6 Hexes
 + Level 5.6 Summonings
 + Level 5.6 Necromancy
 + Level 5.6 Translocations
 + Level 5.6 Fire Magic
 + Level 5.6 Ice Magic
 + Level 5.6 Air Magic
 + Level 5.6 Earth Magic
 + Level 5.6 Alchemy
 + Level 7.4 Invocations
 + Level 6.7 Evocations
 + Level 9.1 Shapeshifting


You had 11 spell levels left.
You knew the following spells:

 Your Spells              Type           Power      Damage    Failure   Level
a - Magic Dart            Conj           64%        1d6       1%          1
b - Blink                 Tloc           32%        N/A       2%          2
c - Call Imp              Summ           32%        N/A       2%          2
d - Ensorcelled Hibernat  Hex/Ice        32%        N/A       2%          2
e - Summon Ice Beast      Ice/Summ       16%        N/A       5%          3
f - Lesser Beckoning      Tloc           32%        N/A       2%          2

Your spell library contained the following spells:

 Spells                   Type           Power      Damage    Failure   Level
 Jinxbite                 Hex            32%        N/A       2%          2
 Momentum Strike          Conj/Tloc      32%        3d8       2%          2
 Static Discharge         Conj/Air       32%        3-5/arc   2%          2
 Fugue of the Fallen      Necr           16%        N/A       5%          3
 Passwall                 Erth           16%        N/A       5%          3
 Anguish                  Hex/Necr       8%         N/A       19%         4
 Dimensional Bullseye     Hex/Tloc       8%         N/A       19%         4
 Petrify                  Alch/Erth      16%        N/A       19%         4
 Summon Mana Viper        Hex/Summ       16%        N/A       45%         5
 Yara's Violent Unravell  Hex/Alch       8%         3d5       45%         5
 Conjure Ball Lightning   Conj/Air       8%         3x3d6     95%         6
 Enfeeble                 Hex            8%         N/A       100%        7
 Monstrous Menagerie      Summ           8%         N/A       100%        7
 Discord                  Hex            8%         N/A       100%        8
 Disjunction              Tloc           8%         N/A       100%        8


Dungeon Overview and Level Annotations

Branches:
Dungeon (10/15)            Temple (1/1) D:6            Lair (0/5) D:8
 Bailey (visited)
    Orc: D:9-12

Altars:
Ashenzari
Cheibriados
Dithmenos
Elyvilon
Fedhas
Gozag
Hepliaklqana
Kikubaaqudgha
Makhleb
Nemelex Xobeh
Okawaru
Qazlal
Ru
Sif Muna
Trog
Uskayaw
Vehumet
Wu Jian
Xom
Yredelemnul
Zin
The Shining One

Shops:
D:9 ?


Innate Abilities, Weirdness & Mutations

You are something dangerously unstable.
You glow with magical radiation, making you easy to see and hit.
Foes you strike become dangerously contaminated with magical radiation.
You are incapable of wielding weapons or throwing items.
You have very sharp teeth.
Your uncanny sense of smell can sniff out nearby items.
Your experience applies equally to all skills.


Message History

An orc comes into view. It is wielding a +0 short sword.
The orc hits your ice beast with a +0 short sword.
You swap places.
You lunge at the orc.
You closely miss the orc. Your bite misses the orc. The orc barely misses you.
You hit the orc.
The orc begins to glow.
You bite the orc, but do no damage.
The orc is moderately wounded.
You punch the orc!
You kill the orc!
The Council accepts your kill.
An orc comes into view. It is wielding a +0 hand axe.
The orc moves out of view.
Things that are here:
a +0 short sword; a +0 leather armour You swap places.
Things that are here:
a +0 giant club; an ogre corpse A kobold brigand comes into view.
It is wielding a +0 dagger and quivering poisoned darts.
You see here a throwing net.
i - 2 throwing nets (gained 1)
Your ice beast disappears in a puff of smoke!
An orc comes into view.
It is wielding a +0 club and carrying a wand of acid.
The orc shouts!
The kobold brigand shouts!
You hear a shout!
You spin and attack the kobold brigand.
You closely miss the kobold brigand. The kobold brigand misses you.
The orc zaps a wand.
The bolt of acid misses you.
The arcanist shouts!
The arcanist casts a spell at you.
Your body becomes as fragile as glass!
The kobold brigand throws a poisoned dart.
The poisoned dart closely misses you.
The kobold brigand throws a poisoned dart.
The poisoned dart barely misses you.
There is a stone staircase leading up here.
The orc zaps a wand.
The bolt of acid hits you! The acid corrodes you!
The arcanist casts a spell at you. The lance of force hits you!!
* * * LOW HITPOINT WARNING * * *
You are knocked back by the lance of force.
You slam into the rock wall!
You die...

..........###### .# #.......#
∆ .# #.[.....# .# ...
#.....).# .# # ...## #.[....)#
.# . ...# #.o.....# .# ##
###.####.......###### .# .##
##.....##.K..p.......#..#
..#####.......##p............#
...#'#....^....##[.........###
..........<.E○.............#
...#'#....^....##..........#
..#####.......##...........#
.## ##.....###.########### ##
###.### #. #... .. ##### ##


You could see an arcanist, a kobold brigand and an orc.

Vanquished Creatures
  Pikel (D:6)
  An ugly thing (D:8)
  Jeremiah (D:7)
  Grinder (D:5)
  Prince Ribbit (D:5)
  A wraith (D:9)
  4 wyverns
  13 yaks
  3 steam dragons
  2 water moccasins
  3 orc warriors (Bailey)
  Duvessa (D:6)
  A black bear (D:6)
  An ice beast (D:6)
  4 ogres
  6 centaurs
  A lemure (D:6)
  2 kobold brigands (D:9)
  3 bullfrogs
  A gnoll sergeant (D:10)
  5 scorpions
  A wight (D:8)
  Dowan (D:6)
  5 killer bees
  3 jellies
  A gnoll bouda (D:5)
  5 hounds
  2 orc priests
  Jessica (D:1)
  4 iguanas
  5 orc wizards
  11 gnolls
  4 adders
  2 shadow imps
  4 dart slugs
  4 ribbon worms
  33 orcs
  10 bats
  6 endoplasms
  4 giant cockroaches
  2 goblins (D:2)
  3 hobgoblins
  3 jackals
  4 quokkas
  7 ball pythons
  6 frilled lizards
  15 kobolds
  8 rats
210 creatures vanquished.

Vanquished Creatures (collateral kills)
  A two-headed ogre (D:10)
  A deep elf pyromancer (D:10)
  2 orc knights (Bailey)
  A hornet (D:7)
  2 wyverns
  An ogre (D:10)
  2 kobold brigands
  3 killer bees (D:9)
  2 orc priests
  An orc wizard (D:9)
  A gnoll (D:10)
  8 orcs
  4 kobolds
29 creatures vanquished.

Grand Total: 239 creatures vanquished

Notes
Turn   | Place    | Note
-------+----------+-------------------------------------------
     0 | D:1      | jlumianski the Gnoll Shapeshifter began the quest for the
                  | Orb.
     0 | D:1      | Reached XP level 1. HP: 17/17 MP: 1/1
   307 | D:1      | Reached XP level 2. HP: 23/23 MP: 2/2
   854 | D:1      | Reached XP level 3. HP: 28/28 MP: 3/3
   882 | D:2      | Noticed Jessica
   892 | D:1      | Killed Jessica
   893 | D:1      | Reached skill level 1 in Short Blades
   893 | D:1      | Reached skill level 1 in Long Blades
   893 | D:1      | Reached skill level 1 in Axes
   893 | D:1      | Reached skill level 1 in Maces & Flails
   893 | D:1      | Reached skill level 1 in Polearms
   893 | D:1      | Reached skill level 1 in Staves
   893 | D:1      | Reached skill level 1 in Ranged Weapons
   893 | D:1      | Reached skill level 1 in Throwing
   893 | D:1      | Reached skill level 1 in Armour
   893 | D:1      | Reached skill level 1 in Stealth
   893 | D:1      | Reached skill level 1 in Shields
   893 | D:1      | Reached skill level 1 in Spellcasting
   893 | D:1      | Reached skill level 1 in Invocations
   893 | D:1      | Reached skill level 1 in Evocations
   965 | D:2      | Reached XP level 4. HP: 26/34 MP: 5/5
  1506 | D:2      | Reached skill level 1 in Conjurations
  1506 | D:2      | Reached skill level 1 in Hexes
  1506 | D:2      | Reached skill level 1 in Summonings
  1506 | D:2      | Reached skill level 1 in Necromancy
  1506 | D:2      | Reached skill level 1 in Translocations
  1506 | D:2      | Reached skill level 1 in Fire Magic
  1506 | D:2      | Reached skill level 1 in Ice Magic
  1506 | D:2      | Reached skill level 1 in Air Magic
  1506 | D:2      | Reached skill level 1 in Earth Magic
  1506 | D:2      | Reached skill level 1 in Alchemy
  2330 | D:3      | Found an iron altar of Okawaru.
  2427 | D:3      | Reached XP level 5. HP: 31/40 MP: 5/7
  3176 | D:4      | Noticed an ogre
  3199 | D:4      | Killed an ogre
  3200 | D:4      | Reached skill level 5 in Dodging
  3200 | D:4      | Reached XP level 6. HP: 16/47 MP: 2/9
  3516 | D:5      | Entered Level 5 of the Dungeon
  3516 | D:5      | Noticed Prince Ribbit
  3691 | D:4      | Found a radiant altar of Vehumet.
  3941 | D:5      | Killed Prince Ribbit
  3942 | D:5      | Reached XP level 7. HP: 24/52 MP: 5/10
  4207 | D:5      | Noticed Pikel
  4362 | D:6      | Killed Pikel
  4363 | D:6      | Reached XP level 8. HP: 14/61 MP: 3/13
  4733 | D:6      | Noticed Duvessa
  4743 | D:6      | Noticed Dowan
  4946 | D:5      | Noticed Grinder
  4950 | D:5      | Paralysed by Grinder for 2 turns
  4965 | D:5      | Paralysed by Grinder for 3 turns
  4969 | D:5      | Killed Grinder
  5264 | D:6      | Found a staircase to the Ecumenical Temple.
  5274 | Temple   | Entered the Ecumenical Temple
  5348 | Temple   | Became a worshipper of the Wu Jian Council
  5428 | D:6      | Reached XP level 9. HP: 64/66 MP: 14/14
  5504 | D:6      | Learned a level 1 spell: Magic Dart
  5507 | D:6      | Learned a level 2 spell: Blink
  5510 | D:6      | Learned a level 2 spell: Call Imp
  5513 | D:6      | Learned a level 2 spell: Ensorcelled Hibernation
  5554 | D:6      | Killed Duvessa
  5582 | D:6      | Killed Dowan
  5733 | D:6      | Reached skill level 5 in Fighting
  5946 | D:6      | Found a glowing golden altar of the Shining One.
  6563 | D:7      | Reached skill level 5 in Invocations
  6766 | D:7      | Reached * piety under Wu Jian
  6926 | D:7      | Noticed a hornet
  6937 | D:7      | Killed a hornet
  7074 | D:7      | Noticed Jeremiah
  7357 | D:8      | Noticed a purple ugly thing
  7653 | D:6      | Reached skill level 5 in Short Blades
  7653 | D:6      | Reached skill level 5 in Long Blades
  7653 | D:6      | Reached skill level 5 in Axes
  7653 | D:6      | Reached skill level 5 in Maces & Flails
  7653 | D:6      | Reached skill level 5 in Polearms
  7653 | D:6      | Reached skill level 5 in Staves
  7653 | D:6      | Reached skill level 5 in Ranged Weapons
  7653 | D:6      | Reached skill level 5 in Throwing
  7653 | D:6      | Reached skill level 5 in Armour
  7653 | D:6      | Reached skill level 5 in Stealth
  7653 | D:6      | Reached skill level 5 in Shields
  7653 | D:6      | Reached skill level 5 in Spellcasting
  7653 | D:6      | Reached skill level 5 in Evocations
  7653 | D:6      | Reached XP level 10. HP: 72/76 MP: 17/17
  7673 | D:7      | Killed Jeremiah
  7864 | D:7      | Learned a level 3 spell: Summon Ice Beast
  8496 | D:8      | Found a staircase to the Lair.
  8513 | D:8      | Killed a white ugly thing
  8581 | D:8      | Reached ** piety under Wu Jian
  8586 | D:8      | Reached skill level 5 in Conjurations
  8586 | D:8      | Reached skill level 5 in Hexes
  8586 | D:8      | Reached skill level 5 in Summonings
  8586 | D:8      | Reached skill level 5 in Necromancy
  8586 | D:8      | Reached skill level 5 in Translocations
  8586 | D:8      | Reached skill level 5 in Fire Magic
  8586 | D:8      | Reached skill level 5 in Ice Magic
  8586 | D:8      | Reached skill level 5 in Air Magic
  8586 | D:8      | Reached skill level 5 in Earth Magic
  8586 | D:8      | Reached skill level 5 in Alchemy
  8640 | D:8      | Reached XP level 11. HP: 37/83 MP: 20/20
  8793 | D:9      | Found a flagged portal.
  8815 | Bailey   | Entered a bailey
  9016 | Bailey   | Noticed an orc knight
  9016 | Bailey   | Noticed an orc knight
  9053 | Bailey   | Killed an orc knight
  9063 | Bailey   | Killed an orc knight
  9304 | Bailey   | Identified the +3 leather armour "Ruopeap" {-Tele rElec
                  | Will+ Int+2}
 10226 | D:9      | Found Cuczief's Magic Scroll Boutique.
 10373 | D:9      | Reached *** piety under Wu Jian
 10380 | D:9      | Found a sparkling altar of Nemelex Xobeh.
 10380 | D:9      | Found a shimmering blue altar of Sif Muna.
 10431 | D:10     | Entered Level 10 of the Dungeon
 10439 | D:10     | Noticed an arcanist
 10444 | D:10     | Noticed an arcanist
 10445 | D:10     | Noticed an arcanist
 10690 | D:9      | Found a shimmering altar of Xom.
 10693 | D:9      | Found a glowing silver altar of Zin.
 10698 | D:9      | Found a hide-covered altar of Uskayaw.
 10701 | D:9      | Found a bloodstained altar of Trog.
 10884 | D:10     | Noticed a two-headed ogre
 10899 | D:10     | Killed a two-headed ogre
 10910 | D:10     | Learned a level 2 spell: Lesser Beckoning
 11025 | D:10     | Got the Secrets of Plaster Cramp
 11032 | D:10     | Got Sotaz's Secrets of Combed Thunderclap
 11050 | D:10     | Got Ts'ui Pên's Atlas of Forking Paths
 11054 | D:10     | Noticed a deep elf pyromancer
 11126 | D:10     | Killed a deep elf pyromancer
 11452 | D:10     | Collided with a rock wall

Illustrated notes

Levels and vault maps discovered:
D:1:      minmay_arrival_split_and_join, layout_loops_ring, minmay_box_of_dots
D:2:      layout_loops_ring, kennysheep_donut, kennysheep_generic_room_8,
          uniq_jessica
D:3:      layout_loops_ring, lemuel_crystal_altar
D:4:      layout_loops_ring, mainiacjoe_overflow_tiny_flanked
D:5:      layout_cave_pools, kennysheep_generic_room_11, uniq_pikel,
          uniq_prince_ribbit1, uniq_grinder
D:6:      layout_basic, general_overflow_altar, minmay_temple_entry_wispy,
          uniq_duvessa
D:7:      layout_basic, serial_curves, eino_curves_01, eino_curves_01,
          uniq_jeremiah
D:8:      layout_rooms, minmay_lair_entry_grove, minmay_manual_mail
D:9:      layout_loops_ring, nicolae_overflow_hallway_of_the_gods, serial_shops,
          nicolae_take_the_stairs, enter_bailey_8
D:10:     layout_long_grid, kennysheep_orc_monster_closet_entryway,
          wad_woods_river_04, kennysheep_cross_bottleneck,
          bh_hangedman_babel_library
Temple:   nicolae_temple_figure_eight

Skill      XL: |  1  2  3  4  5  6  7  8  9 10 11 |
---------------+----------------------------------+-----
Short Blades   | 1 2 3 5 6 |  6.7
Long Blades    | 1 2 3 5 6 |  6.7
Axes           | 1 2 3 5 6 |  6.7
Maces & Flails | 1 2 3 5 6 |  6.7
Polearms       | 1 2 3 5 6 7 |  7.2
Staves         | 1 2 3 5 6 |  6.7
Ranged Weapons | 1 2 3 5 6 |  6.7
Throwing       | 1 2 3 5 6 |  6.7
Armour         | 1 2 3 5 6 |  6.7
Stealth        | 1 2 3 5 6 |  6.7
Shields        | 1 2 3 5 6 |  6.7
Spellcasting   | 1 2 3 5 6 |  6.7
Invocations    | 1 2 3 4 5 6 7 |  7.4
Evocations     | 1 2 3 5 6 |  6.7
Conjurations   | 1 2 3 4 5 |  5.6
Hexes          | 1 2 3 4 5 |  5.6
Summonings     | 1 2 3 4 5 |  5.6
Necromancy     | 1 2 3 4 5 |  5.6
Translocations | 1 2 3 4 5 |  5.6
Fire Magic     | 1 2 3 4 5 |  5.6
Ice Magic      | 1 2 3 4 5 |  5.6
Air Magic      | 1 2 3 4 5 |  5.6
Earth Magic    | 1 2 3 4 5 |  5.6
Alchemy        | 1 2 3 4 5 |  5.6
Fighting       | 3 4 5 6 7 |  7.3
Dodging        | 5 6 7 8 |  8.2
Unarmed Combat | 7 8 9 |  9.5
Shapeshifting  | 7 8 9 |  9.1

Action                     |  1- 3 |  4- 6 |  7- 9 | 10-12 || total
---------------------------+-------+-------+-------+-------++-------
  Melee: Unarmed           |    73 |   138 |   230 |   345 ||   786
         Bite              |     2 |     8 |    27 |    58 ||    95
         Punch             |     1 |     3 |     5 |       ||     9
  Throw: Dart              |       |     4 |    23 |       ||    27
   Cast: Magic Dart        |       |       |    17 |    14 ||    31
         Call Imp          |       |       |    16 |    20 ||    36
         Blink             |       |       |     2 |     1 ||     3
         Ensorcelled Hiber |       |       |     1 |     2 ||     3
         Summon Ice Beast  |       |       |       |    27 ||    27
         Lesser Beckoning  |       |       |       |     1 ||     1
Ability: Lunge             |       |       |    13 |    24 ||    37
         Whirlwind         |       |       |     2 |    17 ||    19
         Wall Jump         |       |       |       |    19 ||    19
  Evoke: Wand              |       |       |       |     2 ||     2
    Use: Scroll            |       |     4 |     6 |     6 ||    16
         Potion            |       |     4 |     1 |     4 ||     9
   Stab: Distracted        |       |       |     1 |     4 ||     5
         Sleeping          |       |       |     1 |       ||     1
 Armour: Animal skin       |    11 |       |       |       ||    11
         Ring mail         |    40 |    16 |       |       ||    56
         Chain mail        |       |    94 |    63 |       ||   157
         Skin              |       |       |    70 |   126 ||   196
  Dodge: Dodged            |    47 |    68 |   140 |   239 ||   494
  Block: Other             |       |       |     1 |    47 ||    48
         Reflection        |       |       |       |     4 ||     4
   Form: Flux              |       |     1 |     1 |       ||     2
         Beast             |       |     1 |       |       ||     1

Table legend: (Time is in decaauts)
 A = Elapsed time spent in this place.
 B = Non-inter-level travel time spent in this place.
 C = Inter-level travel time spent in this place.
 D = Time resting spent in this place.
 E = Time spent auto-exploring this place.
 F = Levels seen in this place.
 G = Mean time per level.
                   A        B        C        D        E       F      G
               +--------+--------+--------+--------+--------+-----+--------+
         Total |  11409 |  11110 |    299 |   1921 |   4948 |  12 |  950.8 |
       Dungeon |  10696 |  10397 |    299 |   1724 |   4878 |  10 | 1069.6 |
        Temple |     90 |     90 |      0 |      0 |      0 |   1 |   90.0 |
        Bailey |    623 |    623 |      0 |    197 |     70 |   1 |  623.0 |
               +--------+--------+--------+--------+--------+-----+--------+

Top non-repeatable levels by time:
     D:6: 1624 daAuts
     D:7: 1617 daAuts
     D:9: 1340 daAuts
     D:2: 1015 daAuts
     D:3: 999 daAuts
     D:8: 995 daAuts
     D:4: 965 daAuts
     D:1: 911 daAuts
     D:5: 876 daAuts
  Bailey: 623 daAuts
    D:10: 348 daAuts
  Temple: 90 daAuts
